 Dungeon Crawl Stone Soup version 0.31-a0-1308-ga3cce3a (webtiles) character file.

Game seed: 10465482362597079072

4 micknuz1 the Cutter (level 1, 11/11 HPs)
             Began as a Vine Stalker Berserker on Dec 19, 2023.
             Was a Follower of Trog.
             Quit the game on level 1 of the Dungeon.
             The game lasted 00:01:02 (114 turns).

micknuz1 the Cutter (Vine Stalker Berserker)         Turns: 114, Time: 00:01:02

Health: 11/11      AC:  2    Str: 19    XL:     1   Next: 70%
Magic:  2/2        EV: 12    Int:  7    God:    Trog [*.....]
Gold:   18         SH:  0    Dex: 13    Spells: 0/0 levels left

rFire   . . .        a - +0 short sword
rCold   . . .        (no shield)
rNeg    . . .        b - +0 animal skin
rPois   .            (no helmet)
rElec   .            (no cloak)
rCorr   .            (no gloves)
SInv    .            (no boots)
Will    .....        (no amulet)
Stlth   +            (no ring)
HPRegen 1.01/turn    (no ring)
MPRegen 0.08/turn

%: guardian spirit
@: no status effects
A: fangs 2, regeneration 1, magic shield, antimagic bite, no potion heal 2
a: Renounce Religion, Berserk


You were on level 1 of the Dungeon.
You worshipped Trog.
Trog was aware of your devotion.
You visited 1 branch of the dungeon, and saw 1 of its levels.

You collected 18 gold pieces.

Inventory:

Hand Weapons
 a - a +0 short sword (weapon)
Missiles
 f - 3 javelins
Armour
 b - a +0 animal skin (worn)
Scrolls
 d - a scroll of revelation {unknown}
 e - a scroll of immolation {unknown}
Potions
 c - a potion of invisibility {unknown}


   Skills:
 - Level 2.7 Fighting
 + Level 2.9 Short Blades
 - Level 1.5 Armour
 - Level 1.6 Dodging


You couldn't memorise any spells.
You didn't know any spells.
Your spell library was empty.

Dungeon Overview and Level Annotations

Branches:
Dungeon (1/15)

Altars:


Innate Abilities, Weirdness & Mutations

You have extremely sharp teeth.
Your natural rate of healing is unusually fast.
When hurt, damage is shared between your health and your magic reserves.
Your bite disrupts and absorbs the magic of your enemies.
Potions cannot restore your health.


Message History

The goblin hits you but does no damage.
You closely miss the goblin. You bite the goblin. You drain its power.
The goblin is moderately wounded.
The goblin hits you but does no damage.
You miss the goblin. You bite the goblin. You drain its power.
The goblin is heavily wounded.
The goblin hits you but does no damage.
You closely miss the goblin.
The goblin is heavily wounded.
The goblin closely misses you.
You closely miss the goblin.
The goblin is heavily wounded.
The goblin hits you but does no damage. The frilled lizard closely misses you.
You hit the goblin.
You kill the goblin!
Trog accepts your kill.
You hit the frilled lizard.
You kill the frilled lizard!
Trog accepts your kill.
No target in view!
You see here 3 javelins.
f - 3 javelins
Found a stone staircase leading down.
A rat comes into view.
A rat is nearby!
The rat squeaks loudly.
You hit the rat.
You kill the rat!
Trog accepts your kill.
No target in view!
No target in view!
A giant cockroach comes into view.
The giant cockroach bites you but does no damage.
You barely miss the giant cockroach. The giant cockroach closely misses you.
You barely miss the giant cockroach. You bite the giant cockroach.
You kill the giant cockroach!
Trog accepts your kill.
No target in view!
No target in view!
Are you sure you want to abandon this character and quit the game? (Confirm with "yes".)

###. #.♣.♣. ..# #....
....##.#.. #.# #.##.
##.....♣.♣ #.# #.###
#........### #.###.###
#........ #........
#......# #.###....
#......# #.# #..##
#.##.#.# #.###..# #@#.#
#..##.^# #†#.# #..##...
..... #.#.# #..###.##
#.#.# #.#.# #..# #.#
...#####.#.######..###.#
#..#...................#
#..#.###)#.......#.#####
##..#.# #.#########.#
#...#.###.#.........#


There were no monsters in sight!

Vanquished Creatures
  A giant cockroach (D:1)
  A goblin (D:1)
  A bat (D:1)
  A frilled lizard (D:1)
  A rat (D:1)
5 creatures vanquished.

Notes
Turn   | Place    | Note
-------+----------+-------------------------------------------
     0 | D:1      | micknuz1 the Vine Stalker Berserker began the quest for the
                  | Orb.
     0 | D:1      | Reached XP level 1. HP: 11/11 MP: 2/2
   114 | D:1      | Quit the game

Illustrated notes

Levels and vault maps discovered:
D:1:      tarquinn_simple_flora_water_b, layout_loops_ring, serial_shops, shop,
          serial_forest, infiniplex_forest_lined_corner,
          infiniplex_forest_clump_small, infiniplex_forest_3_way,
          infiniplex_forest_clump_curved, infiniplex_forest_end_1,
          infiniplex_forest_lined_room_3, infiniplex_forest_corner_1,
          minmay_hexomino_f4

Action                     || total
---------------------------++-------
  Melee: Short sword       ||    14
         Bite              ||     4
 Armour: Animal skin       ||     9
  Dodge: Dodged            ||     5

Table legend: (Time is in decaauts)
 A = Elapsed time spent in this place.
 B = Non-inter-level travel time spent in this place.
 C = Inter-level travel time spent in this place.
 D = Time resting spent in this place.
 E = Time spent auto-exploring this place.
 F = Levels seen in this place.
 G = Mean time per level.
                   A        B        C        D        E       F      G
               +--------+--------+--------+--------+--------+-----+--------+
         Total |    112 |    112 |      0 |      0 |     71 |   1 |  112.0 |
       Dungeon |    112 |    112 |      0 |      0 |     71 |   1 |  112.0 |
               +--------+--------+--------+--------+--------+-----+--------+

Top non-repeatable levels by time:
     D:1: 112 daAuts
